 Dungeon Crawl Stone Soup version 0.17-a0-1923-gc35365e (webtiles) character file.

67 George the Slasher (level 3, 0/27 HPs)
             Began as a Demonspawn Gladiator on Sept 28, 2015.
             Slain by a gnoll
             ... wielding a +0 spear
              (4 damage)
             ... on level 2 of the Dungeon.
             The game lasted 00:03:27 (2117 turns).

George the Slasher (Demonspawn Gladiator)           Turns: 2117, Time: 00:03:27

Health: 0/27       AC:  8    Str: 16    XL:     3   Next: 98%
Magic:  3/3        EV: 10    Int:  9    God:
Gold:   191        SH:  0    Dex: 13    Spells: 0 memorised, 2 levels left

rFire  . . .     SeeInvis .     a - +0 long sword
rCold  + . .     Clarity  .     z - +0 scale mail
rNeg   . . .     SustAt   .     (no shield)
rPois  .         Gourm    .     c - +0 helmet
rElec  .         Spirit   .     s - +0 cloak
rCorr  .         Warding  .     (no gloves)
rMut   .         Stasis   .     (no boots)
MR     .....                    (no amulet)
Stlth  ..........               (no ring)
                                (no ring)

@: not resistant to hostile enchantments, extremely unstealthy
A: cold resistance 1
a: no special abilities


You were on level 2 of the Dungeon.
You were not hungry.

You visited 1 branch of the dungeon, and saw 3 of its levels.

You collected 191 gold pieces.

Inventory:

Hand weapons
 a - a +0 long sword (weapon)
Missiles
 d - 3 throwing nets (quivered)
 y - 5 tomahawks
Armour
 c - a +0 helmet (worn)
 s - a +0 cloak (worn)
 z - a +0 scale mail (worn)
Magical devices
 o - a wand of slowing (12)
Scrolls
 m - a scroll of blinking {unknown}
 p - a scroll of fog {unknown}
 q - a scroll of enchant weapon {unknown}
 t - a scroll of remove curse {unknown}
 x - a scroll of noise {unknown}
Potions
 i - a potion of magic
 l - a potion of heal wounds
 n - a potion of ambrosia {unknown}
 v - a potion of haste {unknown}
 w - a potion of invisibility {unknown}
Comestibles
 e - 3 bread rations
 f - 2 beef jerkies
 r - a royal jelly
 u - 2 meat rations


   Skills:
 - Level 2.0 Fighting
 + Level 4.4 Long Blades
 - Level 1.7 Throwing
 - Level 2.6 Dodging


You had 2 spell levels left.
You didn't know any spells.

Dungeon Overview and Level Annotations

Branches:
Dungeon (3/15)

Altars:


Innate Abilities, Weirdness & Mutations

Your flesh is cold resistant.


Message History

No target in view!
You start resting.
HP restored.
Done exploring.
There is a stone staircase leading down here.
You climb downwards.
The gnoll hits you with a flail. The gnoll hits you but does no damage.
The gnoll hits you with a spear! The gnoll misses you.
There is a stone staircase leading up, spattered with blood here.
The gnoll hits you but does no damage. x2
You climb upwards.
There is a stone staircase leading down here.
You slash the gnoll!
The gnoll is severely wounded.
The gnoll hits you with a flail!
* * * LOW HITPOINT WARNING * * *
The gnoll hits you with a club.
* * * LOW HITPOINT WARNING * * *
The gnoll hits you with a spear.
You die...

.#
#.##.#.#...####.##.........#
.###.....###..#
#.###...####.#
#...###.#.#..## #.# ##.##
#.# ##.## #.##.#.#####.# #.#
#.# #.####.##.#.#...#.# #.#
#.# #.<...............# #.#
#.# #####.###......#.##
#.#####.# #.# ###..#g#g#
#.#.....# #.# #.#.g@##
###.#.##### #.# #....##
#...#.# #.# #..### #.###.#
#.# #†.# #.# #.# #.# #..#
#># #.# ######.# #..# #.#
#.# .......#####..## #.# #.#
...............######.# #.#
..#######.............# #.#


You could see 3 gnolls.

Vanquished Creatures
  A gnoll (D:2)
  A worm (D:2)
  2 giant geckos
  An orc (D:3)
  4 ball pythons
  10 bats
  9 goblins
  A hobgoblin (D:1)
  3 jackals (D:1)
  4 kobolds
  A quokka (D:2)
  5 giant newts
  9 rats
51 creatures vanquished.

Notes
Turn   | Place    | Note
--------------------------------------------------------------
     0 | D:1      | George the Demonspawn Gladiator began the quest for the Orb.
     0 | D:1      | Reached XP level 1. HP: 16/16 MP: 1/1
    65 | D:1      | Reached skill level 3 in Long Blades
   129 | D:1      | Gained mutation: Your flesh is cold resistant. [demonic ancestry]
   129 | D:1      | Reached XP level 2. HP: 20/22 MP: 2/2
  1230 | D:2      | Reached XP level 3. HP: 25/27 MP: 3/3
  1450 | D:2      | Reached skill level 4 in Long Blades
  1987 | D:3      | Noticed a phantom
  2117 | D:2      | Slain by a gnoll

Vault maps used:
D:1:      minmay_arrival_nine_rooms, minivault_5, minmay_unequal
D:3:      minmay_stone_trees_medium

Action                   || total
-------------------------++-------
Melee: Long sword        ||   133
  Use: Scroll            ||     4
  Eat: Chunk             ||     4
